 Dungeon Crawl Stone Soup version 0.18.1-50-g88ac8fd (webtiles) character file.

423 Kisielow the Conjurer (level 6, -1/48 HPs)
             Began as a Deep Elf Conjurer on Sept 18, 2016.
             Was an Initiate of Vehumet.
             Slain by a river rat (5 damage)
             ... summoned by Eustachio
             ... on level 4 of the Dungeon.
             The game lasted 00:08:37 (3007 turns).

Kisielow the Conjurer (Deep Elf Conjurer)           Turns: 3007, Time: 00:08:38

Health: -1/48      AC: 23    Str:  5      XL:     6   Next: 63%
Magic:  1/12       EV:  2    Int: 22      God:    Vehumet [......]
Gold:   127        SH:  0    Dex: 11 (15) Spells: 3 memorised, 3 levels left

rFire  . . .     SeeInvis .     o - +3 hand axe (holy)
rCold  . . .     Gourm    .     (armour currently unavailable)
rNeg   + + +     Faith    .     (no shield)
rPois  +         Spirit   .     (helmet currently unavailable)
rElec  .         Dismiss  .     (cloak currently unavailable)
rCorr  .         Reflect  .     (gloves currently unavailable)
SustAt .         Harm     .     (boots currently unavailable)
MR     .....     NoTele   +     h - amulet of magic regeneration
Stlth  ++........               (no ring)
                                (no ring)

@: tree-form, not resistant to hostile enchantments, unstealthy
A: no striking features
a: Renounce Religion


You were on level 4 of the Dungeon.
You worshipped Vehumet.
Vehumet was noncommittal.
You were very hungry.
You were a tree.
You visited 2 branches of the dungeon, and saw 5 of its levels.

You collected 127 gold pieces.

Inventory:

Hand Weapons
 o - a +3 hand axe of holy wrath (weapon)
Armour
 a - a +0 robe (melded)
Jewellery
 h - an amulet of magic regeneration (around neck)
Scrolls
 e - 5 scrolls of identify {unknown}
 f - a scroll of random uselessness {unknown}
 g - a scroll of blinking {unknown}
 l - 4 scrolls of enchant armour {unknown}
 p - a scroll of teleportation {unknown}
 q - a scroll of immolation {unknown}
Potions
 d - a potion of resistance {unknown}
 j - a potion of flight {unknown}
 m - a potion of mutation {unknown}
 n - 2 potions of curing
 s - a potion of heal wounds {unknown}
 t - a potion of brilliance {unknown}
Books
 b - a book of Conjurations

   Spells                             Type                      Level
   a - Magic Dart                     Conjuration                  1
   b - Searing Ray                    Conjuration                  2
   c - Dazzling Spray                 Conjuration/Hexes            3
   d - Fulminant Prism                Conjuration/Hexes            4
   e - Iskenderun's Mystic Blast      Conjuration                  4
   f - Iskenderun's Battlesphere      Conjuration/Charms           5
Comestibles
 c - 4 bread rations
 i - a slice of pizza
 k - 4 fruits
 r - a meat ration


   Skills:
 - Level 2.4 Dodging
 - Level 2.4 Stealth
 - Level 3.0 Spellcasting
 - Level 7.0 Conjurations
 * Level 6.7 Charms


You had 3 spell levels left.
You knew the following spells:

 Your Spells              Type           Power        Failure   Level  Hunger
a - Magic Dart            Conj           ####         1%          1    None
b - Searing Ray           Conj           ####..       1%          2    ##.....
q - Iskenderun's Battles  Conj/Chrm      ####....     21%         5    ######.


Dungeon Overview and Level Annotations

Branches:
Dungeon (4/15)             Temple (1/1) D:4

Altars:
Cheibriados
Fedhas
Kikubaaqudgha
Pakellas
Qazlal
Ru
Vehumet
Yredelemnul
Zin
The Shining One

Annotations:
D:4 Eustachio


Message History

Eustachio is almost dead.
The quasit bites you.
* * * LOW HITPOINT WARNING * * *
The quasit claws you but does no damage. x2
Eustachio mumbles some strange words.
The crimson imp closely misses you.
Drink which item? (? for menu, Esc to quit)
It was a potion of curing.
You feel better.
The quasit bites you but does no damage.
The quasit claws you but does no damage.
The quasit closely misses you. The quasit bites you. The quasit misses you.
The quasit barely misses you.
The crimson imp blinks!
The river rat bites you!
* * * LOW HITPOINT WARNING * * *
Drink which item? (? for menu, Esc to quit)
It was a potion of lignification.
You turn into a tree.
Your +0 robe melds into your body.
Your roots penetrate the ground.
The quasit bites you but does no damage.
The quasit claws you but does no damage. x2
The river rat bites you.
You die...

#..... ## #.# ######.... ...
#.# #......... ##'# #.#
#.#####..# ##...# ##.## #.#
#..# #.....# ###...# #.#####..#
.......## ##.#*#.# #.##......
........####......####.##.....#
........'..5r5♣.5..............
........####.rr.######>##....##
.......## ##@#.# #.......#
#.....# ###.# ####.#### ##...#
#.. #.# ##'# ##.# ... #. .#
#... # .# #..# .#


You could see Eustachio, a quasit, a crimson imp, a river rat, a shadow imp, 2
rats and a friendly battlesphere.

Vanquished Creatures
  A black bear (D:3)
  A big kobold (D:3)
  A centaur skeleton (D:4)
  Ijyb (D:3)
  Terence (D:2)
  Natasha (thrice) (D:2)
  A hound skeleton (D:4)
  Robin (D:2)
  3 adders (D:3)
  An ooze (D:1)
  A dart slug (D:2)
  2 giant geckos (D:3)
  3 orcs (D:3)
  5 giant cockroaches
  11 goblins
  2 hobgoblins (D:2)
  3 jackals (D:3)
  2 quokkas
  6 bats
  9 kobolds
  5 rats
63 creatures vanquished.

Notes
Turn   | Place    | Note
--------------------------------------------------------------
     0 | D:1      | Kisielow the Deep Elf Conjurer began the quest for the Orb.
     0 | D:1      | Reached XP level 1. HP: 10/10 MP: 6/6
   425 | D:1      | Reached skill level 5 in Conjurations
   425 | D:1      | Reached XP level 2. HP: 15/15 MP: 5/8
   500 | D:1      | Learned a level 2 spell: Searing Ray
   984 | D:2      | Noticed Terence
   991 | D:2      | Killed Terence
   991 | D:2      | Reached XP level 3. HP: 14/19 MP: 1/9
  1112 | D:2      | Noticed Natasha
  1115 | D:2      | Killed Natasha
  1115 | D:2      | Reached skill level 6 in Conjurations
  1115 | D:2      | Reached XP level 4. HP: 17/24 MP: 6/10
  1250 | D:2      | Noticed Robin
  1255 | D:2      | Killed Robin
  1502 | D:2      | Noticed Natasha
  1510 | D:2      | Killed Natasha
  1668 | D:2      | Noticed Natasha
  1672 | D:2      | Killed Natasha
  1672 | D:2      | Reached skill level 7 in Conjurations
  1672 | D:2      | Reached XP level 5. HP: 19/28 MP: 7/11
  1798 | D:3      | Learned a level 5 spell: Iskenderun's Battlesphere
  1803 | D:3      | Reached skill level 1 in Charms
  1850 | D:3      | Found a snail-covered altar of Cheibriados.
  1851 | D:3      | Found an oddly glowing altar of Pakellas.
  2051 | D:3      | Noticed Ijyb
  2064 | D:3      | Killed Ijyb
  2131 | D:3      | Reached XP level 6. HP: 32/32 MP: 8/12
  2828 | D:4      | Found a staircase to the Ecumenical Temple.
  2833 | Temple   | Entered the Ecumenical Temple
  2840 | Temple   | Became a worshipper of Vehumet
  2962 | D:4      | Noticed Eustachio
  3007 | D:4      | Slain by a river rat

Skill      XL: |  1  2  3  4  5  6 |
---------------+-------------------+-----
Conjurations   | 5 6 7 |  7.0
Charms         | 4 6 |  6.7
Dodging        | |  2.4
Stealth        | |  2.4
Spellcasting   | |  3.0

Action                   |  1- 3 |  4- 6 || total
-------------------------+-------+-------++-------
Melee: Hand axe          |       |     3 ||     3
 Cast: Magic Dart        |    25 |    83 ||   108
       Searing Ray       |     3 |    11 ||    14
       Iskenderun's Batt |       |     2 ||     2
  Use: Potion            |       |     2 ||     2
  Eat: Chunk             |     1 |     5 ||     6
Armor: Robe              |       |    10 ||    10
       Skin              |       |     3 ||     3
Dodge: Dodged            |     4 |    31 ||    35
